 Dungeon Crawl Stone Soup version 0.26.1-2-gb8aa6d0cf2 (webtiles) character file.

Game seed: 1771835438652181042

4673 McIrco the Fighter (level 10, -6/76 HPs)
             Began as an Octopode Conjurer on Mar 30, 2021.
             Was an Initiate of Gozag.
             Killed by the air
             ... invoked by Gastronok
              (28 damage)
             ... on level 8 of the Dungeon.
             The game lasted 00:40:57 (11611 turns).

McIrco the Fighter (Octopode Conjurer)             Turns: 11611, Time: 00:40:59

Health: -6/76      AC:  5    Str:  7    XL:     10   Next: 44%
Magic:  0/17       EV: 17    Int: 24    God:    Gozag
Gold:   689        SH:  0    Dex: 10    Spells: 12/19 levels left

rFire    . . .     SeeInvis +   n - +3 dagger (elec)
rCold    . . .     Faith    .   (no shield)
rNeg     . . .     Spirit   +   (helmet restricted)
rPois    .         Reflect  .   m - amulet of guardian spirit
rElec    .         Harm     .   a - +4 ring of evasion
rCorr    .         Rampage  .   c - +4 ring of protection
Will     .....                  q - ring of see invisible
Stlth    +++.......             (no ring)
HPRegen  0.22/turn              (no ring)
MPRegen  0.15/turn              (no ring)
                                (no ring)
                                (no ring)

@: no status effects
A: almost no armour, stealthy swim, amphibious, 8 rings, constrict 8, camouflage
1, gelatinous body 1
a: Renounce Religion, Potion Petition, Call Merchant, Bribe Branch


You were on level 8 of the Dungeon.
You worshipped Gozag.
Gozag was pleased with you.
You visited 2 branches of the dungeon, and saw 9 of its levels.
You also visited: Sewer.

You collected 867 gold pieces.
You paid 178 gold pieces to Gozag.

Inventory:

Hand Weapons
 n - a +3 dagger of electrocution (weapon)
Armour
 y - a +0 kite shield
Jewellery
 a - a +4 ring of evasion (left tentacle)
 c - a +4 ring of protection (right tentacle)
 m - an amulet of guardian spirit (around mantle)
 o - an uncursed amulet of the acrobat {unknown}
 q - a ring of see invisible (on tentacle)
 B - a +4 ring of protection
Wands
 r - a wand of disintegration (18)
 v - a wand of polymorph (12)
 A - a wand of iceblast (11)
Scrolls
 b - 4 scrolls of amnesia
 d - 8 scrolls of identify
 e - 11 scrolls of remove curse
 f - 7 scrolls of teleportation
 g - 4 scrolls of blinking
 l - a scroll of enchant weapon
 t - a scroll of fog
 u - a scroll of fear
Potions
 h - a potion of curing
 i - a potion of degeneration {unknown}
 j - 3 potions of attraction {unknown}
 k - 3 potions of flight {unknown}
 p - a potion of mutation {unknown}
 s - a potion of brilliance {unknown}
 w - 2 potions of berserk rage {unknown}
 x - a potion of haste {unknown}
 z - 2 potions of heal wounds {unknown}


   Skills:
 - Level 10.0 Fighting
 - Level 2.0 Dodging
 - Level 3.0 Stealth
 - Level 5.0 Spellcasting
 + Level 7.8 Conjurations
 + Level 7.2 Hexes


You had 12 spell levels left.
You knew the following spells:

 Your Spells              Type           Power        Failure   Level
a - Magic Dart            Conj           100%         1%          1
b - Searing Ray           Conj           86%          1%          2
c - Fulminant Prism       Conj/Hex       21%          3%          4

Your spell library contained the following spells:

 Spells                   Type           Power        Failure   Level
 Foxfire                  Conj/Fire      96%          1%          1
 Dazzling Flash           Conj/Hex       84%          1%          3
 Conjure Flame            Conj/Fire      24%          5%          3
 Inner Flame              Hex/Fire       23%          6%          3
 Beastly Appendage        Tmut           12%          9%          1
 Wereblood                Tmut           6%           13%         2
 Iskenderun's Mystic Bla  Conj/Tloc      24%          17%         4
 Sticky Flame             Conj/Fire      24%          17%         4
 Spider Form              Tmut/Pois      3%           26%         3
 Fireball                 Conj/Fire      12%          43%         5
 Ice Form                 Ice/Tmut       6%           65%         4
 Blade Hands              Tmut           3%           94%         5


Dungeon Overview and Level Annotations

Branches:
Dungeon (8/15)             Temple (1/1) D:7           Sewer (visited)
   Lair: D:8-11

Altars:
Ashenzari
Cheibriados
Dithmenos
Elyvilon
Fedhas
Gozag
Hepliaklqana
Kikubaaqudgha
Makhleb
Nemelex Xobeh
Okawaru
Qazlal
Ru
Sif Muna
Trog
Uskayaw
Vehumet
Wu Jian
Xom
Yredelemnul
Zin

Shops:
D:8 (

Annotations:
D:5 1 runed translucent door, Crazy Yiuf
D:8 Gastronok


Innate Abilities, Weirdness & Mutations

You cannot wear most types of armour.
You are very stealthy in the water. (Stealth+)
You are amphibious.
You can wear up to eight rings at the same time.
You can use your tentacles to constrict eight enemies at once.
Your skin changes colour to match your surroundings (Stealth+).
Your rubbery body absorbs attacks. (AC +1, EV +1)


Message History

The river rat misses you.
Unknown command.
Unknown command.
You hit Gastronok but do no damage.
Gastronok is almost dead.
The bat misses you. The bat barely misses you.
The river rat completely misses you. Gastronok bites you!!
* * * LOW HITPOINT WARNING * * *
Unknown command.
Unknown command.
Unknown command.
You hit Gastronok. You squeeze Gastronok.
Gastronok is almost dead.
The bat closely misses you. The river rat closely misses you.
Unknown command.
You feel better. The bat misses you. The river rat completely misses you.
Gastronok waves his eye-stalks in wide circles.
The air twists around and strikes you!!
You die...
Your body crumbles into a pile of gold.

.∩.8.>#......##.......≈≈≈
#.##.##)))...........≈≈≈≈
#8##(..)<)...........≈≈≈≈
#.##..##.(...)...$.$..$≈≈
#....###..............≈≈≈
##...# #...............≈.
#..## #.[.)).......$..≈.
##..# #(....rw.b......≈.
#..## #......@...####'''
#### #####.#....# .≈.
##.#....# ≈. #..#....#
#.##....# ####....# $
#....# #...)# $ #....#


You could see Gastronok, a river rat (summoned) and a bat (summoned).

Vanquished Creatures
  Pikel (D:8)
  6 yaks (D:8)
  Edmund (D:5)
  Duvessa (D:6)
  A hornet zombie (D:6)
  2 black bears (D:7)
  3 sky beasts
  3 phantoms
  5 centaurs
  A big kobold (D:8)
  4 bullfrogs
  A wyvern zombie (D:6)
  A gnoll sergeant (D:8)
  2 water moccasin zombies (D:6)
  Dowan (D:7)
  A scorpion (D:8)
  An electric eel (D:8)
  A howler monkey (D:7)
  A centaur zombie (D:5)
  2 bullfrog zombies (D:6)
  4 hounds
  A centaur skeleton (D:6)
  A quasit (D:8)
  3 orc priests
  A bullfrog skeleton (D:6)
  An iguana (D:4)
  4 orc wizards
  A gnoll shaman (D:4)
  Natasha (D:2)
  6 worker ants
  2 killer bee zombies (D:6)
  2 hound skeletons (D:5)
  A hound zombie (D:6)
  2 worker ant zombies (D:6)
  A howler monkey skeleton (D:5)
  8 gnolls
  15 adders
  A shadow imp (D:7)
  2 white imps
  3 oozes
  2 worms
  3 dart slugs (D:1)
  10 leopard geckos
  14 orcs
  A ball python (Sewer)
  6 bats
  6 giant cockroaches
  3 goblins
  7 hobgoblins
  15 jackals
  5 quokkas
  7 frilled lizards
  A giant cockroach zombie (D:6)
  A jackal zombie (D:6)
  11 kobolds
  A leopard gecko skeleton (D:5)
  A leopard gecko zombie (D:6)
  2 quokka skeletons
  A quokka zombie (D:6)
  8 rats
  A fulminant prism (D:8)
205 creatures vanquished.

Vanquished Creatures (others)
  44 fulminant prisms
  5 withered plants (D:6)
49 creatures vanquished.

Grand Total: 254 creatures vanquished

Notes
Turn   | Place    | Note
-------+----------+-------------------------------------------
     0 | D:1      | McIrco the Octopode Conjurer began the quest for the Orb.
     0 | D:1      | Reached XP level 1. HP: 11/11 MP: 3/3
   216 | D:1      | Reached skill level 1 in Fighting
   216 | D:1      | Reached XP level 2. HP: 18/18 MP: 0/5
   617 | D:1      | Reached skill level 2 in Fighting
   804 | D:1      | Reached XP level 3. HP: 25/25 MP: 0/6
  1182 | D:1      | Learned a level 2 spell: Searing Ray
  1862 | D:2      | Reached skill level 3 in Fighting
  2019 | D:2      | Noticed Natasha
  2038 | D:2      | Killed Natasha
  2039 | D:2      | Reached XP level 4. HP: 20/31 MP: 0/7
  2501 | D:3      | Noticed a +3 hand axe
  2502 | D:3      | Found a hide-covered altar of Uskayaw.
  2502 | D:3      | Noticed a +0 dagger
  2579 | D:3      | Reached skill level 5 in Conjurations
  2585 | D:3      | Learned a level 4 spell: Fulminant Prism
  2826 | D:3      | Reached XP level 5. HP: 36/36 MP: 4/8
  3676 | D:4      | Reached XP level 6. HP: 42/42 MP: 4/12
  4104 | D:5      | Entered Level 5 of the Dungeon
  4123 | D:5      | Noticed Edmund
  4134 | D:5      | Killed Edmund
  4135 | D:5      | Reached skill level 5 in Spellcasting
  4302 | D:5      | Reached XP level 7. HP: 46/46 MP: 9/14
  4391 | D:5      | Reached skill level 4 in Fighting
  5071 | D:5      | Found a runed translucent door.
  5072 | D:5      | Noticed Crazy Yiuf
  5846 | D:6      | Reached skill level 5 in Fighting
  5846 | D:6      | Reached skill level 1 in Hexes
  5924 | D:6      | Reached XP level 8. HP: 48/55 MP: 6/15
  6037 | D:6      | Found a radiant altar of Vehumet.
  6087 | D:6      | Found a glowing drain.
  6109 | Sewer    | Entered a sewer
  6487 | Sewer    | Reached skill level 5 in Hexes
  6696 | D:6      | Found a bloodstained altar of Trog.
  7702 | D:6      | Reached XP level 9. HP: 61/61 MP: 9/16
  8177 | D:7      | Noticed Dowan
  8220 | D:7      | Noticed Duvessa
  8228 | D:7      | Killed Dowan
  8321 | D:6      | Killed Duvessa
  8600 | D:7      | Reached skill level 6 in Fighting
  8755 | D:7      | Found an opulent altar of Gozag.
  8858 | D:7      | Found a snail-covered altar of Cheibriados.
  8954 | D:7      | Found a staircase to the Ecumenical Temple.
  8960 | Temple   | Entered the Ecumenical Temple
  9161 | Temple   | Became a worshipper of Gozag Ym Sagoz the Greedy
  9541 | D:7      | Found a broken altar of Ashenzari.
  9657 | D:7      | Reached skill level 7 in Fighting
  9889 | D:8      | Noticed Gastronok
 10134 | D:7      | Reached skill level 8 in Fighting
 10669 | D:8      | Found a basalt altar of Yredelemnul.
 10702 | D:8      | Reached XP level 10. HP: 71/73 MP: 9/17
 10749 | D:8      | Noticed Pikel
 10754 | D:8      | Killed Pikel
 10755 | D:8      | Reached skill level 9 in Fighting
 10852 | D:8      | Noticed a death yak
 10864 | D:8      | Reached skill level 10 in Fighting
 11288 | D:8      | Found Xozooneb's Antique Weapon Shoppe.
 11611 | D:8      | Killed from afar by Gastronok

Illustrated notes

Levels and vault maps discovered:
D:1:      eino_arrival_cavern_c, layout_loops_cross, minmay_quantized
D:2:      layout_basic, dk_vineyard_3, minmay_misc_feat_tiny, uniq_natasha
D:3:      layout_loops_cross, dancing_weapons_uskayaw
D:4:      layout_rooms
D:5:      minmay_bubble_buster, layout_loops_corners, uniq_edmund,
          uniq_crazy_yiuf_cottage
D:6:      layout_loops_corners, portal_sewer_entry_a, serial_undead,
          serial_undead_e, serial_undead_e, serial_undead_d, serial_undead_b,
          serial_undead_d, serial_undead_d, basic_altar, bloody_trog
D:7:      nicolae_whirlpool, layout_rooms, old_standard_altar,
          cheibriados_altar_1, minmay_temple_entry_hall, grunt_decor_clamped,
          nicolae_gozag_cash_rules_everything_around_me, uniq_duvessa
D:8:      argonaut_augean_stables, layout_rooms, kennysheep_mini, serial_shops,
          nicolae_shop_statue_plus, uniq_gastronok, uniq_pikel
Temple:   eino_temple_scatter_basement

Skill      XL: |  1  2  3  4  5  6  7  8  9 10 |
---------------+-------------------------------+-----
Stealth        | 3 |  3.0
Fighting       | 1 2 3 5 8 10 | 10.0
Conjurations   | 5 7 |  7.8
Spellcasting   | 4 5 |  5.0
Hexes          | 3 6 7 |  7.2
Dodging        | |  2.0

Action                   |  1- 3 |  4- 6 |  7- 9 | 10-12 || total
-------------------------+-------+-------+-------+-------++-------
Melee: Unarmed           |     5 |       |       |       ||     5
       Tentacles         |     2 |     3 |     7 |     1 ||    13
       Constrict         |     2 |     2 |    18 |       ||    22
       Dagger            |       |     6 |    75 |    19 ||   100
 Cast: Magic Dart        |    71 |    88 |   212 |    21 ||   392
       Searing Ray       |     2 |     7 |    31 |     7 ||    47
       Fulminant Prism   |       |       |    27 |    19 ||    46
  Use: Scroll            |       |       |    11 |       ||    11
       Potion            |       |       |       |     1 ||     1
 Stab: Sleeping          |       |       |     3 |       ||     3
Armor: Skin              |     4 |     2 |    29 |     5 ||    40
Dodge: Dodged            |     9 |    11 |   152 |    45 ||   217
